 Dungeon Crawl Stone Soup version 0.29.0-4-gdea44cf6ec (webtiles) character file.

Game seed: 9479506397492217028

3157 qw the Cleaver (level 9, -8/78 HPs)
             Began as a Minotaur Berserker on Sept 10, 2022.
             Was a Priest of Trog.
             Mangled by a four-headed hydra (9 damage)
             ... on level 7 of the Dungeon.
             The game lasted 00:02:00 (6641 turns).

qw the Cleaver (Minotaur Berserker)                 Turns: 6641, Time: 00:02:00

Health: -8/78      AC: 10    Str: 25    XL:     9   Next: 62%
Magic:  17/17      EV:  9    Int:  1    God:    Trog [***...]
Gold:   277        SH: 12    Dex: 21    Spells: 8/8 levels left

rFire   + . .      SeeInvis +   b - +4 flail "Dosseyroly" {holy, rF+}
rCold   . . .      Faith    .   i - +0 kite shield
rNeg    . . .      Spirit   .   e - +0 chain mail
rPois   +          Reflect  .   (helmet restricted)
rElec   .          Harm     .   c - +0 cloak
rCorr   .          Rampage  .   (no gloves)
Will    .....                   (no boots)
Stlth   ..........              (no amulet)
HPRegen 0.23/turn               f - +6 ring of dexterity
MPRegen 0.15/turn               l - ring "Nitei" {rPois MP+9 Int-3 Dex+4 SInv}

@: about to teleport, on berserk cooldown, slowed, very slow
A: horns 2, retaliatory headbutt
a: Renounce Religion, Berserk, Trog's Hand


You were on level 7 of the Dungeon.
You worshipped Trog.
Trog was most pleased with you.
You visited 1 branch of the dungeon, and saw 7 of its levels.

You collected 277 gold pieces.


Innate Abilities, Weirdness & Mutations

You have a pair of horns on your head.
You reflexively headbutt those who attack you in melee.


   Skills:
 + Level 6.5 Fighting
 - Level 12.1 Axes
 - Level 1.5 Throwing
 - Level 4.2 Armour
 - Level 4.0 Dodging
 - Level 8.0 Shields


You had 8 spell levels left.
You didn't know any spells.
Your spell library was empty.

Inventory:

Hand Weapons
 b - the +4 flail "Dosseyroly" (weapon) {holy, rF+}
   (You found it on level 3 of the Dungeon)

   It has been blessed by the Shining One to cause great damage to the undead
   and demons.
   rF:        It protects you from fire.
 g - the +11 war axe of the Grim God {protect, rN+ Will+ SInv}
   (You acquired it on level 5 of the Dungeon)

   It grants its wielder temporary protection when it strikes (+7 to AC).
   rN:        It protects you from negative energy.
   SInv:      It lets you see invisible.
   Will:      It increases your willpower.
Missiles
 h - 2 silver boomerangs (quivered)
Armour
 c - a +0 cloak (worn)
 e - a +0 chain mail (worn)
 i - a +0 kite shield (worn)
Jewellery
 f - a +6 ring of dexterity (left hand)
 l - the ring "Nitei" (right hand) {rPois MP+9 Int-3 Dex+4 SInv}
   (You found it on level 5 of the Dungeon)

   [ring of magical power]

   Int:       It affects your intelligence (-3).
   Dex:       It affects your dexterity (+4).
   rPois:     It protects you from poison.
   MP:        It affects your magic capacity (+9).
   SInv:      It lets you see invisible.
 o - a ring of fire
Scrolls
 a - a scroll of teleportation
 d - 2 scrolls of identify
Potions
 j - a potion of might
 k - a potion of heal wounds {unknown}
 n - a potion of magic {unknown}
 p - a potion of mutation {unknown}

Dungeon Overview and Level Annotations

Branches:
Dungeon (7/15)
 Temple: D:4-7

Altars:
Dithmenos
Fedhas
Gozag
Nemelex Xobeh
Qazlal
Sif Muna
Uskayaw
Yredelemnul

Shops:
D:2 =


Message History

The sky beast hits you. The sky beast shocks you.
The four-headed hydra bites you.
The four-headed hydra bites you but does no damage. x2
The four-headed hydra bites you.
You closely miss the sky beast. You headbutt the sky beast!
The sky beast is severely wounded.
The sky beast hits you but does no damage.
The gnoll bouda closely misses you.
The four-headed hydra bites you but does no damage.
You block the four-headed hydra's attack.
The four-headed hydra misses you. The four-headed hydra bites you!
You block the sky beast's attack. The gnoll bouda barely misses you.
The four-headed hydra bites you.
You block the four-headed hydra's attack. x2
The four-headed hydra bites you!
You thump the sky beast!
You kill the sky beast!
Trog accepts your kill.
A sky beast comes into view.
The gnoll bouda closely misses you. The four-headed hydra bites you.
You block the four-headed hydra's attack. x2
The four-headed hydra bites you but does no damage.
The gnoll bouda hits you with a +0 whip!
6640 ||| READING 2 scrolls of teleportation.
As you read the scroll of teleportation, it crumbles to dust.
You feel strangely unstable.
You block the four-headed hydra's attack.
The four-headed hydra completely misses you.
You block the four-headed hydra's attack.
The four-headed hydra bites you! You block the gnoll bouda's attack.
The four-headed hydra bites you but does no damage.
The four-headed hydra bites you.
The four-headed hydra closely misses you.
The four-headed hydra barely misses you.
You hit the four-headed hydra.
The four-headed hydra is lightly wounded.
The gnoll bouda hits you but does no damage.
The four-headed hydra bites you but does no damage.
The four-headed hydra bites you!
You die...

##....###..# #.
##....###..# #.
##......#.### ..#
#...##...## ##..
#...###..# ..#
#..###...# ###..
#...##...# #..#
##......######gD##..##
##....## #)%%@%Y.....
##....## #)#######'##
#......###)#
#...##...##)#
#...###..'..#
#..###...#### #..
#...# ## ....##
#....##


You could see a four-headed hydra, a sky beast and a gnoll bouda.

Vanquished Creatures
  Sigmund (D:4)
  A steam dragon (D:6)
  Menkaure (D:5)
  A water moccasin (D:7)
  3 sky beasts
  4 black bears
  3 orc warriors
  An ice beast (D:7)
  A centaur (D:6)
  A phantom (D:6)
  3 bullfrogs (D:6)
  7 scorpions
  5 killer bees (D:7)
  4 hounds
  4 orc priests
  A jelly (D:4)
  4 iguanas
  4 orc wizards
  4 adders
  3 white imps
  An ufetubus (D:5)
  2 dart slugs
  21 orcs
  3 ball pythons
  4 bats
  8 endoplasms
  2 giant cockroaches (D:4)
  8 goblins
  6 hobgoblins
  7 jackals
  A quokka (D:2)
  3 frilled lizards
  5 kobolds
  5 rats
132 creatures vanquished.

Notes
Turn   | Place    | Note
-------+----------+-------------------------------------------
     0 | D:1      | qw the Minotaur Berserker began the quest for the Orb.
     0 | D:1      | Reached XP level 1. HP: 19/19 MP: 0/0
     0 | D:1      | 0 ||| qw: Version: 0.1-a-116-g5d60599
     0 | D:1      | 0 ||| qw: Game counter: 7541
     0 | D:1      | 0 ||| qw: Always use a shield: true
     0 | D:1      | 0 ||| qw: Do Orc after D:15 true
     0 | D:1      | 0 ||| qw: Do second Lair branch before Depths: true
     0 | D:1      | 0 ||| qw: Lair rune preference: random
     0 | D:1      | 0 ||| qw: Plans: Normal
     0 | D:1      | 0 ||| PLANNING D:1-11
   170 | D:1      | Reached skill level 4 in Axes
   267 | D:1      | 267 ||| Stepping ~*~*~tactically~*~*~ (hiding).
   273 | D:1      | Reached XP level 2. HP: 23/26 MP: 1/1
   687 | D:1      | 687 ||| READING scroll labelled JERAYTR CUMNAN.
   688 | D:1      | 688 ||| READING 2 scrolls labelled ROBIHI XOIFFEL.
   689 | D:1      | 689 ||| READING scroll labelled DIUJ JACUITT.
   763 | D:2      | 763 ||| Stepping ~*~*~tactically~*~*~ (hiding).
   865 | D:2      | 865 ||| Stepping ~*~*~tactically~*~*~ (hiding).
   878 | D:2      | 878 ||| INVOKING Berserk.
   879 | D:2      | Reached skill level 5 in Axes
   879 | D:2      | Reached XP level 3. HP: 23/31 MP: 2/2
  1090 | D:2      | 1090 ||| FLEEEEING.
  1092 | D:2      | 1092 ||| FLEEEEING.
  1159 | D:2      | Found a faded altar of an unknown god.
  1254 | D:2      | 1254 ||| Stepping ~*~*~tactically~*~*~ (stealth).
  1287 | D:2      | 1287 ||| DROPPING +0 club.
  1296 | D:2      | Reached ** piety under Trog
  1301 | D:2      | Reached skill level 6 in Axes
  1301 | D:2      | Reached XP level 4. HP: 36/39 MP: 3/3
  1365 | D:2      | Found Xuxzupt's Jewellery Boutique.
  1379 | D:2      | 1379 ||| SHOPLISTING +4 ring of evasion (360 gold, have
                  | 68).
  1379 | D:2      | 1379 ||| SHOPLISTING amulet of guardian spirit (300 gold,
                  | have 68).
  1379 | D:2      | 1379 ||| SHOPLISTING amulet of the acrobat (300 gold, have
                  | 68).
  1379 | D:2      | 1379 ||| SHOPLISTING ring of poison resistance (200 gold,
                  | have 68).
  1379 | D:2      | 1379 ||| SHOPLISTING ring of see invisible (150 gold, have
                  | 68).
  1486 | D:2      | 1486 ||| UPGRADING to +0 ring mail.
  1496 | D:2      | 1496 ||| DROPPING +0 animal skin.
  1497 | D:2      | 1497 ||| UPGRADING to +6 ring of dexterity.
  1498 | D:2      | 1498 ||| READING scroll labelled MYEMME GICERAU.
  1499 | D:2      | 1499 ||| READING scroll labelled ATZACV YSOK.
  1500 | D:2      | 1500 ||| READING 3 scrolls of identify.
  1500 | D:2      | 1500 ||| IDENTIFYING fuming grey potion
  1501 | D:2      | 1501 ||| READING 2 scrolls of identify.
  1501 | D:2      | 1501 ||| IDENTIFYING grey potion
  1502 | D:2      | 1502 ||| DROPPING potion of flight.
  1503 | D:2      | 1503 ||| DROPPING potion of invisibility.
  1535 | D:3      | Found an opulent altar of Gozag.
  1641 | D:3      | Found a hide-covered altar of Uskayaw.
  1716 | D:3      | 1716 ||| FLEEEEING.
  1717 | D:3      | 1717 ||| FLEEEEING.
  1718 | D:3      | 1718 ||| FLEEEEING.
  1721 | D:3      | 1721 ||| FLEEEEING.
  1722 | D:3      | 1722 ||| FLEEEEING.
  1723 | D:3      | 1723 ||| FLEEEEING.
  1724 | D:3      | 1724 ||| FLEEEEING.
  1725 | D:3      | 1725 ||| FLEEEEING.
  1726 | D:3      | 1726 ||| FLEEEEING.
  1727 | D:3      | 1727 ||| FLEEEEING.
  1728 | D:3      | 1728 ||| FLEEEEING.
  1729 | D:3      | 1729 ||| FLEEEEING.
  1730 | D:3      | 1730 ||| FLEEEEING.
  1731 | D:3      | 1731 ||| FLEEEEING.
  1732 | D:3      | 1732 ||| STAIRDANCE
  1781 | D:3      | 1781 ||| Stepping ~*~*~tactically~*~*~ (hiding).
  1987 | D:3      | Identified the +4 flail "Dosseyroly" {holy, rF+}
  1989 | D:3      | 1989 ||| DROPPING +0 flail.
  2082 | D:3      | 2082 ||| Stepping ~*~*~tactically~*~*~ (hiding).
  2085 | D:3      | 2085 ||| INVOKING Berserk.
  2105 | D:3      | Reached skill level 7 in Axes
  2105 | D:3      | Reached XP level 5. HP: 19/45 MP: 4/4
  2731 | D:3      | 2731 ||| UPGRADING to +0 chain mail.
  2741 | D:3      | 2741 ||| DROPPING +0 ring mail.
  2742 | D:3      | 2742 ||| READING 2 scrolls labelled MUSYPH QOALISA.
  2745 | D:3      | 2745 ||| READING 2 scrolls of identify.
  2745 | D:3      | 2745 ||| IDENTIFYING fizzy sapphire potion
  2746 | D:3      | 2746 ||| DROPPING potion of brilliance.
  2803 | D:4      | Reached skill level 1 in Throwing
  2866 | D:4      | 2866 ||| Stepping ~*~*~tactically~*~*~ (stealth).
  2867 | D:4      | 2867 ||| Stepping ~*~*~tactically~*~*~ (stealth).
  2871 | D:4      | 2871 ||| Stepping ~*~*~tactically~*~*~ (stealth).
  2900 | D:4      | 2900 ||| Stepping ~*~*~tactically~*~*~ (hiding).
  2901 | D:4      | 2901 ||| Stepping ~*~*~tactically~*~*~ (hiding).
  2902 | D:4      | 2902 ||| Stepping ~*~*~tactically~*~*~ (hiding).
  2903 | D:4      | 2903 ||| Stepping ~*~*~tactically~*~*~ (hiding).
  2904 | D:4      | 2904 ||| Stepping ~*~*~tactically~*~*~ (hiding).
  2906 | D:4      | 2906 ||| Stepping ~*~*~tactically~*~*~ (hiding).
  2928 | D:4      | Noticed Sigmund
  2929 | D:4      | 2929 ||| Stepping ~*~*~tactically~*~*~ (hiding).
  2932 | D:4      | 2932 ||| INVOKING Berserk.
  2937 | D:4      | Killed Sigmund
  2938 | D:4      | Reached XP level 6. HP: 57/57 MP: 5/5
  3280 | D:4      | 3280 ||| Stepping ~*~*~tactically~*~*~ (stealth).
  3508 | D:4      | 3508 ||| INVOKING Berserk.
  3692 | D:4      | 3692 ||| UPGRADING to +0 cloak.
  3697 | D:4      | 3697 ||| UPGRADING to +0 kite shield.
  3702 | D:4      | 3702 ||| READING 3 scrolls of identify.
  3702 | D:4      | 3702 ||| IDENTIFYING bubbling pink potion
  3703 | D:4      | 3703 ||| DROPPING potion of berserk rage.
  3731 | D:5      | Entered Level 5 of the Dungeon
  3827 | D:5      | 3827 ||| Stepping ~*~*~tactically~*~*~ (stealth).
  3829 | D:5      | 3829 ||| Stepping ~*~*~tactically~*~*~ (stealth).
  3874 | D:5      | Reached skill level 1 in Shields
  3874 | D:5      | Reached XP level 7. HP: 62/62 MP: 6/6
  3957 | D:5      | Reached skill level 3 in Shields
  4085 | D:5      | 4085 ||| Stepping ~*~*~tactically~*~*~ (stealth).
  4105 | D:5      | Noticed Menkaure
  4107 | D:5      | 4107 ||| INVOKING Berserk.
  4109 | D:5      | Killed Menkaure
  4261 | D:5      | 4261 ||| INVOKING Berserk.
  4382 | D:5      | Reached skill level 8 in Axes
  4524 | D:5      | Reached skill level 6 in Shields
  4524 | D:5      | Reached XP level 8. HP: 64/70 MP: 7/7
  4562 | D:5      | Identified the ring "Nitei" {rPois MP+9 Int-3 Dex+4 SInv}
  4755 | D:5      | Found a shimmering blue altar of Sif Muna.
  4945 | D:5      | 4945 ||| UPGRADING to ring "Nitei" {rPois MP+9 Int-3 Dex+4
                  | SInv}.
  5006 | D:5      | 5006 ||| READING scroll labelled SUGUTREOFY.
  5006 | D:5      | Identified a scroll of acquirement
  5006 | D:5      | 5006 ||| ACQUIRING +11 war axe of the Grim God {protect,
                  | rN+ Will+ SInv}
  5006 | D:5      | Acquired the +11 war axe of the Grim God {protect, rN+
                  | Will+ SInv}
  5008 | D:5      | 5008 ||| SWAPPING to +11 war axe of the Grim God {protect,
                  | rN+ Will+ SInv}.
  5009 | D:5      | 5009 ||| DROPPING +0 hand axe.
  5010 | D:5      | 5010 ||| READING scroll labelled LOHURI AREM.
  5011 | D:5      | 5011 ||| READING scroll labelled HISYMO CAROAKO.
  5012 | D:5      | 5012 ||| READING 3 scrolls of identify.
  5012 | D:5      | 5012 ||| IDENTIFYING cyan potion
  5013 | D:5      | 5013 ||| READING 2 scrolls of identify.
  5013 | D:5      | 5013 ||| IDENTIFYING metallic pink potion
  5014 | D:5      | 5014 ||| DROPPING potion of attraction.
  5046 | D:6      | 5046 ||| FLEEEEING.
  5055 | D:6      | Reached skill level 9 in Axes
  5149 | D:6      | Reached skill level 3 in Armour
  5180 | D:6      | Found a shadowy altar of Dithmenos.
  5180 | D:6      | Found a basalt altar of Yredelemnul.
  5181 | D:6      | Found a blossoming altar of Fedhas.
  5237 | D:6      | Found a sparkling altar of Nemelex Xobeh.
  5248 | D:6      | 5248 ||| Stepping ~*~*~tactically~*~*~ (stealth).
  5257 | D:6      | 5257 ||| INVOKING Berserk.
  5260 | D:6      | Reached skill level 3 in Dodging
  5287 | D:6      | 5287 ||| Stepping ~*~*~tactically~*~*~ (stealth).
  5352 | D:6      | 5352 ||| Stepping ~*~*~tactically~*~*~ (stealth).
  5353 | D:6      | 5353 ||| Stepping ~*~*~tactically~*~*~ (stealth).
  5354 | D:6      | 5354 ||| Stepping ~*~*~tactically~*~*~ (stealth).
  5358 | D:6      | 5358 ||| Stepping ~*~*~tactically~*~*~ (stealth).
  5363 | D:6      | 5363 ||| INVOKING Berserk.
  5475 | D:6      | 5475 ||| INVOKING Berserk.
  5487 | D:6      | Reached skill level 10 in Axes
  5564 | D:6      | Found a stormy altar of Qazlal.
  5705 | D:6      | 5705 ||| INVOKING Berserk.
  5707 | D:6      | Reached skill level 6 in Fighting
  5804 | D:6      | 5804 ||| INVOKING Berserk.
  6074 | D:6      | Reached XP level 9. HP: 75/75 MP: 8/8
  6238 | D:6      | 6238 ||| READING scroll labelled UNUTIGR DOORPH.
  6239 | D:6      | 6239 ||| READING scroll labelled NUSUUMO UVVYC.
  6279 | D:7      | 6279 ||| Stepping ~*~*~tactically~*~*~ (stealth).
  6282 | D:7      | 6282 ||| INVOKING Berserk.
  6291 | D:7      | Reached *** piety under Trog
  6292 | D:7      | Reached skill level 11 in Axes
  6318 | D:7      | 6318 ||| Stepping ~*~*~tactically~*~*~ (stealth).
  6319 | D:7      | 6319 ||| Stepping ~*~*~tactically~*~*~ (stealth).
  6320 | D:7      | 6320 ||| Stepping ~*~*~tactically~*~*~ (stealth).
  6520 | D:7      | 6520 ||| INVOKING Berserk.
  6619 | D:7      | 6619 ||| INVOKING Berserk.
  6629 | D:7      | Reached skill level 12 in Axes
  6633 | D:7      | Noticed a four-headed hydra
  6635 | D:7      | 6635 ||| SWAPPING to +4 flail "Dosseyroly" {holy, rF+}.
  6639 | D:7      | HP: 11/75 [gnoll bouda/+0 whip (8)]
  6640 | D:7      | 6640 ||| READING 2 scrolls of teleportation.
  6640 | D:7      | HP: 5/78 [four-headed hydra (7)]
  6640 | D:7      | HP: 1/78 [four-headed hydra (4)]
  6641 | D:7      | Mangled by a four-headed hydra

Levels and vault maps discovered:
D:1:      evilmike_arrival_home_sweet_home, layout_loops_ring
D:2:      layout_rooms, hellmonk_ecumenical_altar_dog_temple, serial_shops,
          shop, minmay_pentomino_t2
D:3:      layout_loops_corners, nicolae_gozag_seed_capital,
          nicolae_uskayaw_suspiria
D:4:      layout_basic, uniq_sigmund
D:5:      layout_loops_corners, lemuel_blue_sif_altar, kennysheep_cross_room,
          uniq_menkaure
D:6:      layout_basic, lemuel_round_altar, nicolae_overflow_hidden_temple,
          mainiacjoe_overflow_paths, serial_corexii_hall,
          corexii_hall_statues_l, corexii_hall_statues_t,
          minmay_misc_feat_alley, minmay_misc_feat_cross
D:7:      wad_guarded_room, layout_basic, amethyst_overflow_temple_binary,
          minmay_temple_entry_statues_fountains,
          nicolae_concentric_dashed_squares_mild

Skill      XL: |  1  2  3  4  5  6  7  8  9 |
---------------+----------------------------+-----
Axes           | 4 5 6 7 8 10 12 | 12.1
Throwing       | 1 |  1.5
Fighting       | 5 6 |  6.5
Shields        | 1 6 7 8 |  8.0
Armour         | 3 4 |  4.2
Dodging        | 3 4 |  4.0

Action                   |  1- 3 |  4- 6 |  7- 9 || total
-------------------------+-------+-------+-------++-------
Melee: Hand axe          |    60 |    63 |    41 ||   164
       Headbutt          |    10 |    13 |    19 ||    42
       Punch             |     1 |     1 |       ||     2
       War axe           |       |       |    80 ||    80
       Flail             |       |       |     5 ||     5
Throw: Boomerang         |     3 |    33 |    35 ||    71
Invok: Berserk           |     1 |     3 |    10 ||    14
  Use: Scroll            |     3 |     7 |     8 ||    18
Armor: Animal skin       |    12 |       |       ||    12
       Ring mail         |       |     1 |       ||     1
       Chain mail        |       |    10 |    54 ||    64
Dodge: Dodged            |    32 |    26 |    24 ||    82
Block: Kite shield       |       |       |    60 ||    60

Table legend:
 A = Non-vault XP
 B = Vault XP
 C = Vault XP percentage of total XP
 D = Non-vault monster count
 E = Vault monster count
 F = Vault count percentage of total count
                 A         B        C        D         E       F
            +---------+---------+-------+---------+---------+-------
      Total |    3333 |    1178 |  26.1 |     119 |      13 |   9.8
            +---------+---------+-------+---------+---------+-------
        D:1 |      22 |       0 |   0.0 |      12 |       0 |   0.0
        D:2 |      69 |       8 |  10.4 |      20 |       4 |  16.7
        D:3 |     121 |       0 |   0.0 |      15 |       0 |   0.0
        D:4 |     239 |     243 |  50.4 |      22 |       1 |   4.3
        D:5 |     567 |     169 |  23.0 |      11 |       1 |   8.3
        D:6 |    1464 |       0 |   0.0 |      23 |       0 |   0.0
        D:7 |     851 |     758 |  47.1 |      16 |       7 |  30.4
            +---------+---------+-------+---------+---------+-------
